 Dungeon Crawl Stone Soup version 0.23.2-1-ga50397a (webtiles) character file.

Game seed: 16203246438844755320

21417 teukkam the Blocker (level 12, -5/110 HPs)
             Began as a Minotaur Fighter on Apr 23, 2019.
             Was the Champion of Wu Jian.
             Killed from afar by a rime drake (18 damage)
             ... with a flash freeze
             ... on level 4 of the Lair of Beasts on Apr 26, 2019.
             The game lasted 01:18:15 (13337 turns).

teukkam the Blocker (Minotaur Fighter)             Turns: 13337, Time: 01:18:15

Health: -5/110     AC: 14    Str: 31    XL:     12   Next: 54%
Magic:  15/15      EV:  8    Int:  5    God:    Wu Jian [******]
Gold:   749        SH: 23    Dex: 10    Spells: 11/11 levels left

rFire    + . .     SeeInvis +   a - +1 war axe (chop)
rCold    . . .     Gourm    .   q - +0 large shield
rNeg     . . .     Faith    .   Z - +5 ring mail {rPois}
rPois    +         Spirit   .   (helmet restricted)
rElec    .         Reflect  +   i - scarf {cloud immunity}
rCorr    .         Harm     .   (no gloves)
MR       .....     Rnd*Rage +   K - +0 pair of boots
Stlth    ..........             t - +3 amulet of reflection
HPRegen  0.28/turn              J - ring of protection from fire
MPRegen  0.14/turn              H - ring of see invisible

@: mighty, lethally poisoned (-5 -> -8)
A: retaliatory headbutt, horns 2, berserk 1, evolution 1
a: Wall Jump, Serpent's Lash, Heavenly Storm, Renounce Religion


You were on level 4 of the Lair of Beasts.
You worshipped Wu Jian.
Wu Jian was exalted by your worship.
You were not hungry.

You visited 2 branches of the dungeon, and saw 14 of its levels.
You also visited: Ossuary.

You collected 803 gold pieces.
You spent 54 gold pieces at shops.

Inventory:

Hand Weapons
 a - a +1 war axe of chopping (weapon)
 b - a +0 hunting sling of flaming
 c - a +3 flail of draining
 k - a +3 short sword of protection
 w - a +0 blowgun
 G - a +0 whip of electrocution
 N - a +2 vampiric spear
 V - a +4 dire flail
 X - a cursed +5 great sword of freezing
 Y - a +2 quarterstaff of protection
Missiles
 h - 26 tomahawks (quivered)
 l - 322 stones
 v - 14 poisoned needles
 I - 4 throwing nets
 O - 2 exploding tomahawks
 P - 24 sling bullets
Armour
 i - a scarf of cloud immunity (worn)
 q - a +0 large shield (worn)
 K - a +0 pair of boots (worn)
 M - the +3 plate armour "Wioschyna" {+Fly Dex+4}
   (You found it on level 7 of the Dungeon)

   It affects your dexterity (+4).
   It lets you fly.
 T - the +1 ring mail of Nobility {rC++ rN+ Str-5 Dex+2}
   (You found it on level 8 of the Dungeon)

   It affects your strength (-5).
   It affects your dexterity (+2).
   It greatly protects you from cold.
   It protects you from negative energy.
 Z - a +5 ring mail of poison resistance (worn)
Jewellery
 s - an uncursed amulet of regeneration
 t - a +3 amulet of reflection (around neck)
 x - an uncursed amulet of the acrobat
 H - a ring of see invisible (right hand)
 J - a ring of protection from fire (left hand)
Wands
 d - a wand of polymorph (1)
 e - a wand of random effects (32)
 u - a wand of iceblast (6)
 U - a wand of flame (7)
 W - a wand of digging (6)
Scrolls
 j - 13 scrolls of identify
 m - 2 scrolls of magic mapping
 o - 11 scrolls of remove curse
 y - 3 scrolls of enchant weapon
 C - a scroll of teleportation
 L - a scroll of noise {unknown}
 Q - 2 scrolls of amnesia
Potions
 g - 3 potions of lignification
 n - 7 potions of curing
 p - a potion of agility
 r - a potion of haste
 z - a potion of mutation
 D - 2 potions of degeneration {unknown}
 E - 2 potions of invisibility {unknown}
 F - 5 potions of cancellation {unknown}
 R - 2 potions of brilliance {unknown}
Miscellaneous
 B - a lamp of fire
 S - a lightning rod (4/4)
Comestibles
 f - 17 rations


   Skills:
 + Level 11.3 Fighting
 - Level 6.0 Short Blades
 + Level 8.8 Axes
 + Level 9.8 Slings
 + Level 11.3 Armour
 + Level 11.3 Shields
 + Level 6.0 Evocations


You had 11 spell levels left.
You didn't know any spells.
Your spell library contained the following spells:

 Spells                   Type           Power        Failure   Level  Hunger
 Animate Skeleton         Necr           N/A          99%         1    ##.....
 Apportation              Tloc           #.....       99%         1    ##.....
 Confusing Touch          Hex            #.....       99%         1    ##.....
 Flame Tongue             Conj/Fire      #....        99%         1    ##.....
 Magic Dart               Conj           #...         99%         1    ##.....
 Summon Small Mammal      Summ           #...         99%         1    ##.....
 Blink                    Tloc           N/A          99%         2    ###....
 Call Imp                 Summ           #.......     99%         2    ###....
 Slow                     Hex            #.......     99%         2    ###....
 Conjure Flame            Conj/Fire      #.......     100%        3    ####...
 Mephitic Cloud           Conj/Pois/Air  #.......     100%        3    ####...


Dungeon Overview and Level Annotations

Branches:
Dungeon (10/15)            Temple (0/1) D:6            Lair (4/6) D:10
 Shoals (0/4) Lair:2        Snake (0/4) Lair:2
    Orc: D:9-12

Altars:
Cheibriados
Elyvilon
Kikubaaqudgha
Makhleb
Qazlal
Ru
Sif Muna
Trog
Wu Jian
Xom
Yredelemnul

Shops:
D:7 *


Innate Abilities, Weirdness & Mutations

You reflexively headbutt those who attack you in melee.
You have a pair of horns on your head.
You tend to lose your temper in combat.
You evolve.


Message History

You kill the spiny frog!
The Council accepts your kill.
Your Evocations skill increases to level 6!
You feel sick. The rime drake breathes ice at you. The flash freeze hits you!!
* * * LOW HITPOINT WARNING * * *
You are encased in ice.
Okay, then.
You feel sick.
Okay, then.
The ice encasing you melts away.
You feel sick.
You feel very mighty all of a sudden.
You feel sick. You block the rime drake's attack.
You hit the rime drake but do no damage.
You feel sick. The rime drake breathes ice at you. The flash freeze hits you!!
You die...

.................###
#....#.##P...#..##
#...#..##.......#
P....#####...#.#####
##..# #......†..# #.
#..
#....#.k#(..(.... #.
#..P###.###.....!
#...####k......(.
#......@......#.#
#P...##....##..# #
##..# ##..## .# #..
#..# .# #..# #..#
.... #...


You could see a rime drake.

Vanquished Creatures
  4 hydras
  Pikel (D:6)
  A merfolk siren (Lair:2)
  A guardian serpent (Lair:2)
  Joseph (D:9)
  4 black mambas
  7 spiny frogs
  A komodo dragon (Lair:3)
  2 merfolk (Lair:2)
  Grinder (D:6)
  3 hippogriffs
  10 blink frogs
  A wraith (D:10)
  Eustachio (D:6)
  2 wyverns (Lair:3)
  6 yaks
  Grum (D:8)
  3 hungry ghosts (D:9)
  3 water moccasins
  3 ice beasts
  7 porcupines
  An orc warrior (D:7)
  7 sky beasts
  2 slaves (D:6)
  4 ogres
  6 wolves
  3 phantoms
  8 centaurs
  8 crocodiles
  3 gnoll sergeants (D:8)
  8 bullfrogs
  6 water moccasin zombies
  3 scorpions
  5 killer bees (D:8)
  8 wights
  8 electric eels
  3 bullfrog zombies
  2 crimson imps (D:6)
  20 hounds
  A quasit (D:9)
  3 centaur zombies
  2 jellies
  A gnoll shaman (D:8)
  6 orc wizards
  4 orc priests
  3 bullfrog skeletons
  7 iguanas
  7 worker ants
  A killer bee zombie (D:8)
  2 big kobold zombies (Ossuary)
  2 hound skeletons
  3 mummies
  A howler monkey zombie (D:4)
  9 adders
  17 gnolls (D:8)
  A howler monkey skeleton (D:8)
  3 shadow imps
  9 adder zombies
  An adder skeleton (D:5)
  A worm (D:2)
  5 dart slugs
  5 leopard geckos
  42 orcs
  5 giant cockroaches
  8 goblins
  4 hobgoblins
  13 jackals
  5 kobolds
  8 quokkas
  A ball python (D:2)
  2 bats
  11 frilled lizards
  5 gnoll zombies (Ossuary)
  6 hobgoblin zombies
  A jackal skeleton (D:5)
  4 kobold zombies (Ossuary)
  4 orc zombies (Ossuary)
  2 quokka skeletons (D:4)
  A quokka zombie (D:8)
  7 rats
391 creatures vanquished.

Vanquished Creatures (others)
  A two-headed ogre (D:9)
  An iguana (D:9)
  A worker ant (D:6)
  2 fungi (Lair:2)
5 creatures vanquished.

Grand Total: 396 creatures vanquished

Notes
Turn   | Place    | Note
-------+----------+-------------------------------------------
     0 | D:1      | teukkam the Minotaur Fighter began the quest for the Orb.
     0 | D:1      | Reached XP level 1. HP: 19/19 MP: 0/0
    78 | D:2      | Found a sacrificial altar of Ru.
    85 | D:2      | Reached XP level 2. HP: 16/27 MP: 1/1
    88 | D:2      | Found a basalt altar of Yredelemnul.
    89 | D:2      | Found an ornate altar of the Wu Jian Council.
   200 | D:2      | Became a worshipper of the Wu Jian Council
   554 | D:1      | Reached XP level 3. HP: 33/33 MP: 2/2
   976 | D:2      | Reached * piety under Wu Jian
  1130 | D:2      | Reached skill level 1 in Slings
  1324 | D:2      | Reached XP level 4. HP: 40/40 MP: 3/3
  1585 | D:3      | Reached skill level 1 in Short Blades
  1628 | D:3      | Reached XP level 5. HP: 47/47 MP: 4/4
  1649 | D:3      | Found a stormy altar of Qazlal.
  1672 | D:3      | Found a deep blue altar of Sif Muna.
  1808 | D:3      | Identified Sif Muna's Papyrus of Flames
  1902 | D:4      | Noticed a phantom
  1925 | D:4      | Killed a phantom
  1925 | D:4      | Reached skill level 5 in Fighting
  1925 | D:4      | Reached skill level 5 in Shields
  1925 | D:4      | Reached XP level 6. HP: 55/56 MP: 5/5
  1939 | D:4      | Reached ** piety under Wu Jian
  1994 | D:4      | Reached skill level 5 in Armour
  2394 | D:5      | Entered Level 5 of the Dungeon
  2484 | D:5      | Found a sand-covered staircase.
  2495 | Ossuary  | Entered an ossuary
  2559 | Ossuary  | Reached XP level 7. HP: 43/61 MP: 6/6
  2853 | Ossuary  | Reached *** piety under Wu Jian
  3268 | D:5      | Found a snail-covered altar of Cheibriados.
  3524 | D:5      | Found a white marble altar of Elyvilon.
  3548 | D:5      | Reached XP level 8. HP: 65/70 MP: 7/7
  4425 | D:6      | Noticed Pikel
  4425 | D:6      | Noticed Eustachio
  4558 | D:6      | Reached skill level 5 in Slings
  4566 | D:6      | Killed Eustachio
  4566 | D:6      | Reached skill level 5 in Short Blades
  4664 | D:6      | Reached **** piety under Wu Jian
  4751 | D:6      | Killed Pikel
  4751 | D:6      | Reached XP level 9. HP: 10/79 MP: 8/8
  4931 | D:6      | Found a staircase to the Ecumenical Temple.
  5090 | D:6      | Found an ancient bone altar of Kikubaaqudgha.
  5407 | D:6      | Noticed Grinder
  5409 | D:6      | Paralysed by Grinder for 4 turns
  5420 | D:6      | Paralysed by Grinder for 2 turns
  5424 | D:6      | Killed Grinder
  5656 | D:7      | Got a heavily runed plate armour
  5671 | D:7      | Identified the +3 plate armour "Wioschyna" {+Fly Dex+4}
                  | (You found it on level 7 of the Dungeon)
  5810 | D:7      | Reached skill level 1 in Evocations
  5932 | D:7      | Found Ollin's General Store.
  5947 | D:7      | Bought a +0 large shield for 54 gold pieces
  6132 | D:8      | Reached XP level 10. HP: 90/90 MP: 10/10
  6417 | D:8      | Reached ***** piety under Wu Jian
  6968 | D:8      | Got a crude ring mail
  6983 | D:8      | Identified the +1 ring mail of Nobility {rC++ rN+ Str-5
                  | Dex+2} (You found it on level 8 of the Dungeon)
  7233 | D:8      | Reached skill level 5 in Axes
  7297 | D:8      | Noticed Grum
  7308 | D:8      | Killed Grum
  7688 | D:10     | Entered Level 10 of the Dungeon
  7871 | D:9      | Noticed Joseph
  7895 | D:9      | Killed Joseph
  8131 | D:9      | Found a shimmering altar of Xom.
  8131 | D:9      | Noticed a two-headed ogre
  8145 | D:9      | Killed a two-headed ogre
  8755 | D:9      | Found a burning altar of Makhleb.
  8755 | D:9      | Found a bloodstained altar of Trog.
  8860 | D:10     | Reached XP level 11. HP: 92/97 MP: 12/12
  9360 | D:10     | Found a staircase to the Lair.
  9377 | Lair:1   | Entered Level 1 of the Lair of Beasts
  9527 | Lair:1   | Reached skill level 10 in Armour
  9527 | Lair:1   | Reached skill level 10 in Shields
  9593 | Lair:1   | Reached skill level 10 in Fighting
  9828 | Lair:1   | Reached ****** piety under Wu Jian
 10357 | Lair:2   | HP: 4/99 [poisoned by a black mamba]
 10362 | Lair:2   | HP: 3/99 [poisoned by a black mamba]
 10367 | Lair:2   | HP: 3/99 [poisoned by a black mamba]
 10373 | Lair:2   | HP: 4/99 [poisoned by a black mamba]
 10645 | Lair:2   | Found a staircase to the Snake Pit.
 11047 | Lair:2   | Reached skill level 5 in Evocations
 11079 | Lair:2   | Found a staircase to the Shoals.
 11362 | Lair:2   | Reached XP level 12. HP: 108/108 MP: 14/14
 11716 | Lair:3   | Noticed a seven-headed hydra
 11958 | Lair:3   | Killed a seven-headed hydra
 12232 | Lair:3   | Gained mutation: You tend to lose your temper in combat.
                  | [potion of mutation]
 12232 | Lair:3   | Gained mutation: You evolve. [potion of mutation]
 12399 | Lair:3   | Noticed a four-headed hydra
 12404 | Lair:3   | Killed a four-headed hydra
 12765 | Lair:4   | Noticed a seven-headed hydra
 12771 | Lair:4   | Killed a seven-headed hydra
 13167 | Lair:4   | Noticed a seven-headed hydra
 13174 | Lair:4   | Killed a seven-headed hydra
 13337 | Lair:4   | Killed from afar by a rime drake

Skill      XL: |  1  2  3  4  5  6  7  8  9 10 11 12 |
---------------+-------------------------------------+-----
Shields        | 4 5 6 7 8 9 10 11 | 11.3
Fighting       | 4 5 6 7 8 9 10 11 | 11.3
Armour         | 4 5 6 7 8 9 10 11 | 11.3
Axes           | 3 4 6 7 8 |  8.8
Slings         | 1 2 3 4 5 6 7 9 |  9.8
Short Blades   | 1 2 3 5 6 |  6.0
Evocations     | 1 3 5 6 |  6.0

Action                   |  1- 3 |  4- 6 |  7- 9 | 10-12 || total
-------------------------+-------+-------+-------+-------++-------
Melee: War axe           |    79 |       |    93 |   580 ||   752
       Headbutt          |    11 |    23 |    75 |   118 ||   227
       Short sword       |    22 |   159 |   366 |       ||   547
       Flail             |       |       |       |     9 ||     9
 Fire: Hunting sling     |     6 |    69 |    62 |   278 ||   415
       Blowgun           |       |    13 |     5 |       ||    18
Throw: Stone             |       |     2 |       |       ||     2
       Tomahawk          |       |       |     3 |     7 ||    10
Invok: Lunge             |     7 |     8 |    11 |    20 ||    46
       Whirlwind         |     7 |    64 |   125 |   160 ||   356
 Abil: Wall Jump         |       |     5 |    15 |    23 ||    43
Evoke: Wand              |       |       |       |    26 ||    26
  Use: Scroll            |       |     4 |     5 |     7 ||    16
       Potion            |       |       |     1 |    10 ||    11
  Eat: Chunk             |     1 |     1 |     3 |    13 ||    18
       Ration            |       |     1 |     3 |     4 ||     8
Armor: Scale mail        |    34 |    35 |       |       ||    69
       Leather armour    |       |    14 |    76 |       ||    90
       Skin              |       |       |    32 |       ||    32
       Plate armour      |       |       |    35 |    76 ||   111
       Ring mail         |       |       |       |   147 ||   147
Dodge: Dodged            |    20 |    33 |    94 |   112 ||   259
Block: Shield            |    58 |    62 |   197 |       ||   317
       Large shield      |       |       |    24 |   627 ||   651
